 Dungeon Crawl Stone Soup version 0.24.0 (webtiles) character file.

Game seed: 10957880762516528028, levelgen mode: deterministic

639 Buxparty the Covered (level 7, -6/44 HPs)
             Began as a Gargoyle Fighter on Mar 21, 2020.
             Killed from afar by an orc wizard (9 damage)
             ... with a puff of frost
             ... on level 4 of the Dungeon.
             The game lasted 00:08:47 (4109 turns).

Buxparty the Covered (Gargoyle Fighter)             Turns: 4109, Time: 00:08:48

Health: -6/44      AC: 14    Str: 22    XL:     7   Next: 50%
Magic:  7/7        EV:  7    Int:  8    God:
Gold:   208        SH: 10    Dex:  9    Spells: 6/6 levels left

rFire    . . .     SeeInvis .   a - +0 long sword
rCold    . . .     Gourm    .   c - +0 shield
rNeg     + . .     Faith    .   b - +0 scale mail
rPois    ∞         Spirit   .   (no helmet)
rElec    +         Reflect  .   (no cloak)
rCorr    +         Harm     .   (no gloves)
MR       .....                  (no boots)
Stlth    ..........             (no amulet)
HPRegen  0.14/turn              l - ring of resist corrosion
MPRegen  0.10/turn              i - +2 ring of protection

@: no status effects
A: negative energy resistance 1, electricity resistance, unbreathing,
petrification resistance, rot immunity, AC +4
a: no special abilities


You were on level 4 of the Dungeon.
You were hungry.

You visited 2 branches of the dungeon, and saw 6 of its levels.

You collected 208 gold pieces.

Inventory:

Hand Weapons
 a - a +0 long sword (weapon)
Armour
 b - a +0 scale mail (worn)
 c - a +0 shield (worn)
Jewellery
 i - a +2 ring of protection (right hand)
 l - a ring of resist corrosion (left hand)
Wands
 n - a wand of flame (21)
 q - a wand of iceblast (12)
Scrolls
 h - 5 scrolls of identify
 m - 3 scrolls of blinking
 s - a scroll of magic mapping {unknown}
Potions
 d - a potion of might
 e - a potion of heal wounds {unknown}
 g - 6 potions of curing {unknown}
 j - 2 potions of cancellation {unknown}
 k - a potion of degeneration {unknown}
 o - 2 potions of invisibility {unknown}
 p - 3 potions of lignification {unknown}
 r - a potion of resistance {unknown}
Comestibles
 f - 6 rations


   Skills:
 + Level 5.0 Fighting
 * Level 4.9 Long Blades
 + Level 5.0 Armour
 + Level 5.0 Shields


You had 6 spell levels left.
You didn't know any spells.
Your spell library contained the following spells:

 Spells                   Type           Power        Failure   Level  Hunger
 Blink                    Tloc           N/A          99%         2    ###....


Dungeon Overview and Level Annotations

Branches:
Dungeon (5/15)             Temple (1/1) D:4

Altars:
Ashenzari
Cheibriados
Dithmenos
Elyvilon
Fedhas
Hepliaklqana
Kikubaaqudgha
Nemelex Xobeh
Qazlal
Trog
Uskayaw
Vehumet
Wu Jian
Xom

Shops:
D:5 =!


Innate Abilities, Weirdness & Mutations

You are resistant to torment.
Your stone body is resilient. (AC +4)
You are immune to poison.
You resist negative energy. (rN+)
You are resistant to electric shocks. (rElec)
You can survive without breathing.
You are immune to petrification.
You are immune to rotting.


Message History

The orc wizard hits you but does no damage.
You block the orc wizard's attack. The orc hits you but does no damage.
Unknown command.
You block the orc wizard's attack. x2; The orc hits you but does no damage.
You climb upwards.
There is a stone staircase leading down here.
You hit the orc wizard.
The orc wizard is lightly wounded.
The orc wizard hits you but does no damage.
You hit the orc wizard.
The orc wizard is moderately wounded.
The orc wizard hits you but does no damage. x2
Your scale mail prevents you from hitting the orc wizard.
The orc wizard is moderately wounded.
The orc wizard gestures at you while chanting.
The puff of frost hits you.
* * * LOW HITPOINT WARNING * * *
The orc wizard casts a spell at you. The puff of frost hits you!
You die...

>....⌠.#......##..#####..........
..##...#......##.......####......
.##...........[#.......####......
.#..##........[..............#...
...##...###.......#...#......#...
⌠.##....# ##'##..##...'......####
..#...######.....##...#.###### #
......##..........#...#.# #
......##.######.@o....#.# #
########..<# #.#.#####.# # #####
#.#.#.# #.# #.#.#.# #.# #######
#.....# #.###...... ###.#.#
#.....##### #...# #####.# #####
#.# ###


You could see an orc wizard.

Vanquished Creatures
  A phantom (D:5)
  Blork the orc (D:4)
  A scorpion (D:4)
  A howler monkey (D:4)
  2 hounds (D:4)
  Crazy Yiuf (D:2)
  2 orc wizards (D:5)
  2 bullfrog skeletons
  Jessica (D:2)
  2 worker ants (D:4)
  3 adders
  An ooze (D:4)
  3 worms
  2 dart slugs
  4 leopard geckos
  9 orcs
  2 giant cockroaches
  8 goblins
  7 hobgoblins
  3 jackals (D:2)
  4 kobolds
  4 quokkas
  A ball python (D:2)
  7 bats
  2 frilled lizards
  8 rats
82 creatures vanquished.

Vanquished Creatures (others)
  4 toadstools (D:1)
4 creatures vanquished.

Grand Total: 86 creatures vanquished

Notes
Turn   | Place    | Note
-------+----------+-------------------------------------------
     0 | D:1      | Buxparty the Gargoyle Fighter began the quest for the Orb.
     0 | D:1      | Reached XP level 1. HP: 14/14 MP: 1/1
    24 | D:1      | Reached XP level 2. HP: 15/19 MP: 2/2
   622 | D:2      | Reached XP level 3. HP: 22/23 MP: 3/3
  1032 | D:2      | Found a runed translucent door.
  1033 | D:2      | Noticed Crazy Yiuf
  1092 | D:2      | Killed Crazy Yiuf
  1092 | D:2      | Reached XP level 4. HP: 6/29 MP: 0/4
  1487 | D:2      | Noticed Jessica
  1500 | D:2      | Killed Jessica
  1510 | D:2      | Identified Jessica's Guide on the Compass
  1999 | D:3      | Found a white marble altar of Elyvilon.
  2036 | D:3      | Reached XP level 5. HP: 20/33 MP: 5/5
  2335 | D:3      | Found a hazy altar of Hepliaklqana.
  2336 | D:3      | Found a shimmering altar of Xom.
  2337 | D:3      | Noticed a spectral ugly thing
  2706 | D:4      | Reached XP level 6. HP: 34/39 MP: 6/6
  2946 | D:4      | Noticed Blork the orc
  2959 | D:4      | Killed Blork the orc
  3073 | D:4      | Reached XP level 7. HP: 29/44 MP: 7/7
  3179 | D:4      | Found a staircase to the Ecumenical Temple.
  3203 | Temple   | Entered the Ecumenical Temple
  3536 | D:5      | Entered Level 5 of the Dungeon
  3536 | D:5      | Found Buattin's Jewellery Shoppe.
  3592 | D:5      | Found Peteetof's Distillery.
  3744 | D:5      | Reached skill level 5 in Fighting
  3744 | D:5      | Reached skill level 5 in Armour
  3823 | D:5      | Reached skill level 5 in Shields
  4109 | D:4      | Killed from afar by an orc wizard

Levels and vault maps discovered:
D:1:      ldierk_walled_garden_2, layout_basic
D:2:      layout_rooms, first_ration, kennysheep_jessica_study,
          uniq_crazy_yiuf_cottage
D:3:      layout_basic, regret_index_temple_of_mockery, elyvilon_altar_4
D:4:      layout_basic, minmay_temple_entry_waves, uniq_blork_the_orc
D:5:      layout_cave_pods, serial_shops, nicolae_shop_behind_doors, shop,
          cheibriados_altar_1
Temple:   minmay_temple_bridge_abc
